 Dungeon Crawl Stone Soup version 0.28.0-43-g3370ac3207 (webtiles) character file.

Game seed: 1901872207907044224

1307 tizbic2 the Skirmisher (level 8, 0/69 HPs)
             Began as a Ghoul Monk on Mar 6, 2022.
             Was a Priest of Trog.
             Slain by a yak (3 damage)
             ... on level 6 of the Dungeon.
             The game lasted 00:24:32 (5048 turns).

tizbic2 the Skirmisher (Ghoul Monk)                 Turns: 5048, Time: 00:24:33

Health: 0/69       AC: 12    Str: 15    XL:     8   Next: 57%
Magic:  7/7        EV: 14    Int:  7    God:    Trog [***...]
Gold:   230        SH:  5    Dex: 11    Spells: 7/7 levels left

rFire   + . .      SeeInvis .   a - +1 whip (elec)
rCold   + + .      Faith    .   i - +0 buckler
rNeg    + + +      Spirit   .   e - +1 ring mail {rC+}
rPois   ∞          Reflect  .   v - +1 helmet
rElec   .          Harm     .   A - +0 cloak
rCorr   .          Rampage  .   (no gloves)
Will    ++...                   j - +1 pair of boots
Stlth   +.........              (no amulet)
HPRegen 1.00/turn               m - ring of protection from fire
MPRegen 0.10/turn               x - +4 ring of evasion

@: about to teleport, strong-willed, attractive, regenerating
A: claws 1, cold resistance 1, negative energy resistance 3, inhibited
regeneration, torment resistance 2
a: Renounce Religion, Trog's Hand


You were on level 6 of the Dungeon.
You worshipped Trog.
Trog was most pleased with you.
You visited 1 branch of the dungeon, and saw 6 of its levels.

You collected 230 gold pieces.

Inventory:

Hand Weapons
 a - a +1 whip of electrocution (weapon)
 q - a +2 dagger of flaming
 w - a +0 hunting sling
 E - a +0 club of chaos
Missiles
 b - 171 stones (quivered)
 g - 4 poisoned darts
Armour
 e - a +1 ring mail of cold resistance (worn)
 i - a +0 buckler (worn)
 j - a +1 pair of boots (worn)
 v - a +1 helmet (worn)
 A - a +0 cloak (worn)
Jewellery
 m - a ring of protection from fire (left claw)
 x - a +4 ring of evasion (right claw)
Wands
 h - a wand of flame (28)
 r - a wand of acid (11)
 y - a wand of paralysis (8)
 D - a wand of iceblast (7)
Scrolls
 k - a scroll of vulnerability
 l - a scroll of brand weapon {unknown}
 n - 2 scrolls of identify {unknown}
 o - a scroll of amnesia {unknown}
 p - a scroll of blinking {unknown}
 t - a scroll of magic mapping
 u - 2 scrolls of teleportation
 C - a scroll of immolation {unknown}
 F - a scroll of fog {unknown}
Potions
 c - 4 potions of curing {unknown}
 d - a potion of heal wounds {unknown}
 f - a potion of brilliance {unknown}
 s - a potion of degeneration {unknown}
 z - a potion of attraction
 B - 2 potions of flight {unknown}


   Skills:
 + Level 5.4 Fighting
 + Level 3.0 Maces & Flails
 + Level 3.1(3.2) Slings
 - Level 0.6(2.1) Throwing
 + Level 3.6 Armour
 - Level 2.7 Dodging
 - Level 2.2 Stealth
 * Level 4.8 Shields
 - Level 3.8 Unarmed Combat
 - Level 1.6 Summonings


You had 7 spell levels left.
You didn't know any spells.
Your spell library contained the following spells:

 Spells                   Type           Power      Damage    Failure   Level
 Summon Small Mammal      Summ           8%         N/A       50%         1
 Call Canine Familiar     Summ           2%         N/A       86%         3
 Summon Guardian Golem    Hex/Summ       1%         N/A       94%         3


Dungeon Overview and Level Annotations

Branches:
Dungeon (6/15)
 Temple: D:4-7

Altars:
Cheibriados
Dithmenos
Okawaru
Qazlal
Trog
Xom

Shops:
D:5 (


Innate Abilities, Weirdness & Mutations

You thrive by killing the living.
You are immune to poison.
You have sharp fingernails.
Your flesh is cold resistant. (rC+)
You are immune to negative energy. (rN+++)
You do not regenerate when monsters are visible.
You are immune to unholy pain and torment.


Message History

The yak is lightly wounded.
The yak gores you!
You hit the yak but do no damage.
The yak is lightly wounded.
You closely miss the yak.
The yak is lightly wounded.
You block the yak's attack.
You barely miss the yak.
The yak is lightly wounded.
The yak barely misses you. The yak gores you.
You hit the yak. Lightning courses through the yak!
The yak is heavily wounded.
You block the yak's attack. The yak gores you but does no damage.
Your skin crawls.
You feel strong-willed.
You can no longer call in reinforcements.
The yak gores you but does no damage. The yak closely misses you.
You hit the yak but do no damage.
The yak is heavily wounded.
The yak gores you!
* * * LOW HITPOINT WARNING * * *
The yak gores you.
* * * LOW HITPOINT WARNING * * *
You hit the yak but do no damage.
The yak is heavily wounded.
The yak gores you but does no damage. x2
You barely miss the yak.
The yak is heavily wounded.
The yak gores you!
* * * LOW HITPOINT WARNING * * *
The yak gores you!
* * * LOW HITPOINT WARNING * * *
Unknown command.
As you read the scroll of teleportation, it crumbles to dust.
You feel strangely unstable. The yak gores you but does no damage.
The yak completely misses you.
It was a potion of attraction.
You feel attractive to monsters. The yak gores you.
You die...

##..#.≈†#.≈.###..#######
######)######...####
##.#.###.#.##....#
#......#...##....#
#......#...##....####
#......#.............
#......#..###....####
##.#Y#.#......##...#
#.#@Y......).##...##
###.###.#.#..........#
#.......#.#..<........
#########............#
.....# ##......#######
......# #.......##
........## #..#......
.........# ##..##...##
..........# #........# #


You could see 2 yaks.

Vanquished Creatures
  2 yaks (D:6)
  A necrophage (D:6)
  An ogre (D:6)
  A centaur (D:5)
  A scorpion (D:5)
  A water moccasin skeleton (D:5)
  A howler monkey (D:6)
  A bullfrog zombie (D:5)
  2 bullfrog skeletons (D:6)
  A hound (D:5)
  A jelly (D:5)
  A gnoll shaman (D:5)
  5 iguanas
  Ijyb (D:4)
  An orc wizard (D:3)
  A killer bee zombie (D:5)
  Robin (D:3)
  5 gnolls
  7 adders
  A shadow imp (D:5)
  2 ufetubi (D:5)
  2 worms (D:3)
  4 dart slugs
  5 orcs
  6 ball pythons
  8 endoplasms
  A giant cockroach (D:4)
  12 goblins
  11 hobgoblins
  8 jackals
  5 kobolds
  2 quokkas
  7 bats
  3 frilled lizards
  5 rats
117 creatures vanquished.

Notes
Turn   | Place    | Note
-------+----------+-------------------------------------------
     0 | D:1      | tizbic2 the Ghoul Monk began the quest for the Orb.
     0 | D:1      | Reached XP level 1. HP: 19/19 MP: 0/0
    89 | D:1      | Reached XP level 2. HP: 20/26 MP: 1/1
   225 | D:1      | Reached skill level 1 in Summonings
   475 | D:1      | Reached skill level 1 in Armour
   475 | D:1      | Reached XP level 3. HP: 27/31 MP: 2/2
   541 | D:1      | Found a faded altar of an unknown god.
   560 | D:1      | Prayed at the altar of an unknown god.
   560 | D:1      | Became a worshipper of Trog the Wrathful
   560 | D:1      | Reached * piety under Trog
   560 | D:1      | Reached ** piety under Trog
   825 | D:2      | Reached *** piety under Trog
  1085 | D:2      | Reached XP level 4. HP: 33/38 MP: 3/3
  1777 | D:3      | Noticed Robin
  1793 | D:3      | Killed Robin
  1853 | D:3      | Found a shadowy altar of Dithmenos.
  1873 | D:3      | Found an iron altar of Okawaru.
  1993 | D:3      | Reached skill level 1 in Shields
  2009 | D:3      | Reached XP level 5. HP: 22/46 MP: 4/4
  2393 | D:3      | Found a snail-covered altar of Cheibriados.
  2514 | D:4      | Noticed Ijyb
  2523 | D:4      | Killed Ijyb
  2524 | D:4      | Reached skill level 1 in Slings
  2543 | D:4      | Reached skill level 4 in Fighting
  2734 | D:4      | Reached XP level 6. HP: 42/52 MP: 5/5
  2744 | D:4      | Reached skill level 1 in Maces & Flails
  3125 | D:5      | Entered Level 5 of the Dungeon
  3430 | D:5      | Found a stormy altar of Qazlal.
  3489 | D:5      | Reached **** piety under Trog
  3640 | D:5      | Reached XP level 7. HP: 43/60 MP: 6/6
  3783 | D:5      | Found Tagreusa's Weapon Shoppe.
  4541 | D:6      | Found a shimmering altar of Xom.
  4631 | D:6      | Reached XP level 8. HP: 62/67 MP: 7/7
  4782 | D:6      | Reached skill level 5 in Fighting
  4976 | D:6      | Noticed a yak
  4976 | D:6      | Noticed a yak
  4993 | D:6      | Noticed a yak
  4994 | D:6      | Noticed a yak
  5017 | D:6      | Killed a yak
  5034 | D:6      | Killed a yak
  5046 | D:6      | HP: 1/69 [yak (9)]
  5048 | D:6      | Slain by a yak

Illustrated notes

Levels and vault maps discovered:
D:1:      matt_arrival_grand_opening, layout_rooms,
          hellmonk_ecumenical_altar_inner_sanctum
D:2:      layout_basic
D:3:      minmay_diamond_boxcup, layout_rooms, lemuel_crystal_altar,
          kennysheep_slug_shrine, overflow_temple_1_default, uniq_robin
D:4:      layout_rooms, uniq_ijyb
D:5:      layout_gridville, grunt_qazlal_sundering, serial_shops,
          nicolae_shop_bloodbath_and_beyond, chequers_jeans
D:6:      kennysheep_big_flooded_room, layout_basic, trog_wizard, tgw_xom

Skill      XL: |  1  2  3  4  5  6  7  8 |
---------------+-------------------------+-----
Summonings     | 1 |  1.6
Armour         | 1 2 3 |  3.6
Shields        | 1 2 4 |  4.8
Slings         | 1 2 3 |  3.1
Fighting       | 4 5 |  5.4
Maces & Flails | 1 2 3 |  3.0
Throwing       | |  0.6
Dodging        | |  2.7
Stealth        | |  2.2
Unarmed Combat | |  3.8

Action                   |  1- 3 |  4- 6 |  7- 9 || total
-------------------------+-------+-------+-------++-------
Melee: Unarmed           |   125 |    18 |       ||   143
       Punch             |     4 |     1 |       ||     5
       Whip              |       |   218 |   128 ||   346
       Dagger            |       |       |    20 ||    20
       Club              |       |       |    26 ||    26
 Fire: Hunting sling     |       |    32 |    16 ||    48
Throw: Stone             |       |     4 |       ||     4
Invok: Trog's Hand       |       |     3 |     2 ||     5
  Use: Scroll            |       |     3 |     3 ||     6
       Potion            |       |       |     1 ||     1
 Stab: Sleeping          |     3 |       |       ||     3
Armor: Robe              |     9 |       |       ||     9
       Ring mail         |    41 |    89 |    58 ||   188
Dodge: Dodged            |    74 |   128 |   106 ||   308
Block: Buckler           |       |    39 |    47 ||    86
